[ PARTIDA AOE2 · #495405088 ]
UnrankedCeltas vs Sicilians
Equipo del jugador · VICT
Equipo rival · DERR
[ ANÁLISIS DE REPETICIÓN · EXTRAÍDO DE LA PARTIDA GRABADA ]
Feudal
—
Castillos
—
Imperial
—
| APM promedio | 92.7 |
| APM pico | 132 |
| eAPM promedio | 43.1 |
| Aldeanos / militares | 23 / 13 |
Foco
⚔️ 39.4% · 🌾 60.6%
Militia ×13
Feudal
—
Castillos
—
Imperial
—
| APM promedio | 80.5 |
| APM pico | 99 |
| eAPM promedio | 14.3 |
| Aldeanos / militares | 23 / 0 |
Foco
⚔️ 19.6% · 🌾 80.4%
Mapa de la partida
Recursos iniciales + cada clic de construcción. Líneas = muros · curvas = relieve. ◆ oro · ⬟ piedra · ● bayas · ✦ reliquia · ◌ hueco del cierre
Tu base
Base de shegin
Terreno inicial suavizado · ◌ = hueco del cierre detectado · pasá el cursor para detalles
Inputs por minuto
— Inkisidor_ - - shegin
Build order — Inkisidor_
49 acciones detectadas en el replay
| 0:00 | Crear | Villager (Male) |
| 0:01 | Crear | Villager (Male) |
| 0:01 | Crear | Villager (Male) |
| 0:01 | Crear | Villager (Male) |
| 0:02 | Construir | House |
| 0:03 | Construir | House |
| 1:25 | Crear | Villager (Male) |
| 1:34 | Crear | Villager (Male) |
| 1:48 | Construir | Lumber Camp |
| 2:22 | Crear | Villager (Male) |
| 2:31 | Crear | Villager (Male) |
| 2:31 | Crear | Villager (Male) |
| 2:31 | Crear | Villager (Male) |
| 2:51 | Crear | Villager (Male) |
| 3:17 | Crear | Villager (Male) |
| 3:54 | Crear | Villager (Male) |
| 3:59 | Construir | House |
| 4:11 | Construir | House |
| 4:17 | Crear | Villager (Male) |
| 4:20 | Crear | Villager (Male) |
| 4:24 | Construir | Barracks |
| 4:39 | Construir | House |
| 4:43 | Crear | Villager (Male) |
| 4:43 | Crear | Villager (Male) |
| 4:43 | Crear | Villager (Male) |
| 4:57 | Construir | House |
| 5:15 | Crear | Villager (Male) |
| 5:30 | Crear | Militia |
| 5:30 | Crear | Militia |
| 5:30 | Crear | Militia |
| 5:30 | Crear | Militia |
| 5:36 | Crear | Militia |
| 5:56 | Crear | Villager (Male) |
| 6:11 | Crear | Villager (Male) |
| 6:31 | Crear | Villager (Male) |
| 6:33 | Construir | Mining Camp |
| 6:38 | Crear | Villager (Male) |
| 6:49 | Investigar | Loom |
| 7:33 | Investigar | Feudal Age |
| 7:34 | Investigar | Feudal Age |
| 8:06 | Crear | Militia |
| 8:06 | Crear | Militia |
| 8:09 | Crear | Militia |
| 8:09 | Crear | Militia |
| 8:09 | Crear | Militia |
| 8:23 | Crear | Militia |
| 8:23 | Crear | Militia |
| 8:23 | Crear | Militia |
| 8:28 | Construir | Mill |
Build order — shegin
32 acciones detectadas en el replay
| 0:01 | Crear | Villager (Male) |
| 0:01 | Crear | Villager (Male) |
| 0:03 | Construir | House |
| 0:22 | Construir | House |
| 0:24 | Construir | House |
| 0:33 | Crear | Villager (Male) |
| 0:33 | Crear | Villager (Male) |
| 1:40 | Crear | Villager (Male) |
| 2:06 | Crear | Villager (Male) |
| 2:29 | Crear | Villager (Male) |
| 2:37 | Construir | Lumber Camp |
| 2:50 | Crear | Villager (Male) |
| 3:12 | Crear | Villager (Male) |
| 3:15 | Crear | Villager (Male) |
| 3:45 | Crear | Villager (Male) |
| 3:45 | Crear | Villager (Male) |
| 4:07 | Crear | Villager (Male) |
| 4:08 | Crear | Villager (Male) |
| 4:17 | Construir | House |
| 4:25 | Crear | Villager (Male) |
| 4:33 | Crear | Villager (Male) |
| 4:53 | Crear | Villager (Male) |
| 4:53 | Investigar | Loom |
| 5:36 | Crear | Villager (Male) |
| 5:37 | Crear | Villager (Male) |
| 6:23 | Crear | Villager (Male) |
| 6:52 | Construir | Mill |
| 7:07 | Crear | Villager (Male) |
| 7:27 | Construir | Palisade Wall |
| 7:51 | Crear | Villager (Male) |
| 8:16 | Crear | Villager (Male) |
| 8:39 | Investigar | Feudal Age |
Cronología de la partida
| 4:24 | Inkisidor_ · first_building Barracks |
| 7:27 | shegin · wall_segment Palisade Wall x1 |
| 8:43 | shegin · resign |
[ ANÁLISIS IA · 1 CRÉDITO ]
¿Qué pasó realmente en esta partida?
Wolo.gg analiza cada decisión: build order, eco, micro, errores típicos por bracket. Análisis personalizado por WhatsApp o Discord en 30 segundos.
Guía civ
Celtas
Perfil
Jugador #482758